 Dungeon Crawl Stone Soup version 0.20-a0-1058-g0491fde (webtiles) character file.

10 Alarkh the Insei (level 2, 21/21 HPs)
             Began as a Demonspawn Transmuter on Apr 26, 2017.
             Got out of the dungeon alive.
             The game lasted 00:01:03 (1014 turns).

Alarkh the Insei (Demonspawn Transmuter)            Turns: 1014, Time: 00:01:03

Health: 21/21      AC:  3    Str: 10    XL:     2   Next: 10%
Magic:  5/5        EV: 12    Int: 14    God:
Gold:   70         SH:  0    Dex: 13    Spells: 4/5 levels left

rFire    . . .     SeeInvis .     - Unarmed
rCold    . . .     Gourm    .   (no shield)
rNeg     . . .     Faith    .   b - +0 robe
rPois    .         Spirit   .   (helmet restricted)
rElec    .         Reflect  .   (no cloak)
rCorr    +         Harm     .   (no gloves)
MR       .....                  f - +0 pair of boots
Stlth    +.........             (no amulet)
Regen    0.1/turn               e - ring of resist corrosion
MPRegen  0.1/turn               (no ring)

@: no status effects
A: horns 1, talons 1, wild magic 1
a: no special abilities


You escaped.
You were not hungry.

You visited 1 branch of the dungeon, and saw 1 of its levels.

You collected 70 gold pieces.

Inventory:

Missiles
 a - 25 arrows
Armour
 b - a +0 robe (worn)
 f - a +0 pair of boots (worn)
Jewellery
 e - a ring of resist corrosion (left hand)
Scrolls
 g - a scroll of identify {unknown}
Potions
 j - a potion of lignification {unknown}
 k - a potion of mutation
Books
 c - a book of Changes

   Spells                             Type                      Level
   a - Beastly Appendage              Transmutation                1
   b - Sticks to Snakes               Transmutation                2
   c - Spider Form                    Transmutation/Poison         3
   d - Ice Form                       Ice/Transmutation            4
   e - Blade Hands                    Transmutation                5
Comestibles
 d - 2 bread rations
 h - a meat ration
 i - a chunk of flesh


   Skills:
 + Level 1.4 Fighting
 + Level 2.0 Dodging
 * Level 3.0 Unarmed Combat
 - Level 2.0 Spellcasting
 - Level 1.7 Transmutations


You had 4 spell levels left.
You knew the following spells:

 Your Spells              Type           Power        Failure   Level  Hunger
a - Beastly Appendage     Tmut           #.....       17%         1    ##.....


Dungeon Overview and Level Annotations

Branches:
Dungeon (1/15)

Altars:


Innate Abilities, Weirdness & Mutations

You have sharp toenails.
You have a pair of small horns on your head.
Your spells are a little harder to cast, but a little more powerful.


Message History

You hit the hobgoblin.
You kill the hobgoblin!
No target in view!
No target in view!
No target in view!
No target in view!
No target in view!
No target in view!
Found a fuming black potion.
A giant cockroach comes into view.
You can't go up here!
There is a stone staircase leading down here.
(D) Dungeon
Where to? (Enter - D:1 @ (x,y), ? - help)
Okay, then.
Unknown command.
There is an open door here.
There is a staircase leading out of the dungeon here.
Are you sure you want to leave the Dungeon?
This will make you lose the game!
You have escaped!

.###.#..##.#.#.....#..####.######
...#.......#.#.....#.............
.#.#.......#.#.8.8.#.#####.######
.#...........#.....#............#
.###..########.....########.###.#
.###........'..8.8..# #..##.#
...#..########.....## ##.##.#
.#.#........#8.....8# ###..##.#
...######.#.#...@...# #.......#
.########.#.######### #.......#
..........#.........# #........
###################.# ###.#####
.... #.# #..# #### #######.####
#.## ##### ...........###.# .....
#######.>#.##..# ..... ##...#!.##


There were no monsters in sight!

Vanquished Creatures
  A dart slug (D:1)
  A goblin (D:1)
  2 hobgoblins (D:1)
  A quokka (D:1)
  A bat (D:1)
  A kobold (D:1)
  A rat (D:1)
8 creatures vanquished.

Notes
Turn   | Place    | Note
-------+----------+-------------------------------------------
     0 | D:1      | Alarkh the Demonspawn Transmuter began the quest for the Orb.
     0 | D:1      | Reached XP level 1. HP: 15/15 MP: 3/3
   512 | D:1      | Gained mutation: You have a pair of large horns on your head. [potion of mutation]
   512 | D:1      | Gained mutation: Your spells are a little harder to cast, but a little more powerful. [potion of mutation]
   515 | D:1      | Reached skill level 3 in Unarmed Combat
   872 | D:1      | Gained mutation: You have sharp toenails. [demonic ancestry]
   872 | D:1      | Reached XP level 2. HP: 16/21 MP: 5/5
  1014 | D:$      | Got out of the dungeon alive.

Vault maps used:
D:1:      elethiomel_arrival_quiet

Skill      XL: |  1 |
---------------+----+-----
Unarmed Combat | 3 |  3.0
Dodging        | 2 |  2.0
Fighting       | |  1.4
Spellcasting   | |  2.0
Transmutations | |  1.7

Action                   || total
-------------------------++-------
Melee: Unarmed           ||    40
       Headbutt          ||     3
 Cast: Beastly Appendage ||     2
  Use: Potion            ||     1
Armor: Robe              ||    16
Dodge: Dodged            ||    19
